 Dungeon Crawl Stone Soup version 0.29.1-15-g9cfb28693d (webtiles) character file.

Game seed: 5576570560084068637

5 nightchill the Firebug (level 1, 0/11 HPs)
             Began as a Gargoyle Fire Elementalist on Mar 14, 2023.
             Slain by a kobold
             ... wielding a +0 club
              (3 damage)
             ... on level 1 of the Dungeon.
             The game lasted 00:01:40 (109 turns).

nightchill the Firebug (Gargoyle Fire Elementalist)  Turns: 109, Time: 00:01:40

Health: 0/11       AC:  5    Str: 11    XL:     1   Next: 80%
Magic:  3/3        EV: 11    Int: 15    God:
Gold:   0          SH:  0    Dex: 10    Spells: 3/4 levels left

rFire   . . .      SeeInvis .   a - +0 morningstar
rCold   . . .      Faith    .   (no shield)
rNeg    + . .      Spirit   .   d - +0 robe
rPois   ∞          Reflect  .   (no helmet)
rElec   +          Harm     .   (no cloak)
rCorr   .          Rampage  .   (no gloves)
Will    .....                   f - +0 pair of boots
Stlth   ++........              (no amulet)
HPRegen 0.03/turn               (no ring)
MPRegen 0.08/turn               (no ring)

@: no status effects
A: sickness immunity, AC +2, negative energy resistance 1, electricity
resistance, torment resistance 1, petrification resistance
a: no special abilities


You were on level 1 of the Dungeon.
You visited 1 branch of the dungeon, and saw 1 of its levels.

Inventory:

Hand Weapons
 a - a +0 morningstar (weapon)
 c - a +0 dagger
Armour
 d - a +0 robe (worn)
 f - a +0 pair of boots (worn)
Scrolls
 e - a scroll of vulnerability {unknown}
Potions
 b - a potion of magic


   Skills:
 + Level 0.5 Fighting
 * Level 0.6 Maces & Flails
 - Level 1.5 Dodging
 - Level 2.1 Stealth
 - Level 2.0 Spellcasting
 - Level 1.1 Conjurations
 - Level 3.0 Fire Magic


You had 3 spell levels left.
You knew the following spells:

 Your Spells              Type           Power      Damage    Failure   Level
a - Foxfire               Conj/Fire      28%        2x1d5     10%         1

Your spell library contained the following spells:

 Spells                   Type           Power      Damage    Failure   Level
 Scorch                   Fire           20%        2d6       10%         2
 Conjure Flame            Conj/Fire      7%         6-21      28%         3
 Inner Flame              Hex/Fire       6%         N/A       34%         3
 Flame Wave               Conj/Fire      7%         2d5       67%         4


Dungeon Overview and Level Annotations

Branches:
Dungeon (1/15)

Altars:


Innate Abilities, Weirdness & Mutations

You are immune to sickness and miasma.
Your stone body is resilient. (AC +2)
You are immune to poison.
You resist negative energy. (rN+)
You are resistant to electric shocks. (rElec)
You are resistant to unholy torment.
You are immune to petrification.


Message History

You closely miss the rat.
The kobold shouts!
The rat bites you but does no damage.
You closely miss the rat. The rat bites you but does no damage.
The rat barely misses you.
You barely miss the rat. The rat bites you but does no damage.
You thump the rat!
You kill the rat!
The kobold barely misses you.
You barely miss the kobold. The kobold closely misses you.
A dart slug comes into view.
You hit the kobold.
The kobold is severely wounded.
The kobold hits you with a +0 dagger. x2
You closely miss the kobold.
The kobold is severely wounded.
The kobold barely misses you.
You barely miss the kobold.
The kobold is severely wounded.
The kobold hits you but does no damage.
You barely miss the kobold.
The kobold is severely wounded.
The kobold barely misses you. The kobold hits you with a +0 dagger.
You barely miss the kobold.
The kobold is severely wounded.
The kobold hits you but does no damage.
You closely miss the kobold.
The kobold is severely wounded.
The kobold hits you but does no damage. x2
The goblin shouts!
You hit the kobold.
You kill the kobold!
You closely miss the kobold. The kobold hits you with a +0 club.
* * * LOW HITPOINT WARNING * * *
The kobold hits you with a +0 club.
* * * LOW HITPOINT WARNING * * *
You closely miss the kobold. The kobold hits you but does no damage.
Okay, then.
You closely miss the kobold. The kobold hits you with a +0 club.
You die...

#.. #. #.#### ....
#.##....# ####### ... .
.#.#.....# #8^.#.# ... ..
.#.#.....# #.#.#^# .. ...
.......#####.....##.#....
......^........#.#.....:.
..........#....###wg.....
.....####.#...._@K#
.....# #......###.#
.....# #......# .# .....#
#.##..... .# .###†#
#.##^#.#.#.#
.###.####.##.^.#8#.#
..........###### $#
..###.....# ..
#.........#


You could see a dart slug, a goblin and a kobold.

Vanquished Creatures
  2 kobolds (D:1)
  A quokka (D:1)
  A frilled lizard (D:1)
  2 rats (D:1)
6 creatures vanquished.

Vanquished Creatures (others)
  4 foxfires (D:1)
4 creatures vanquished.

Grand Total: 10 creatures vanquished

Notes
Turn   | Place    | Note
-------+----------+-------------------------------------------
     0 | D:1      | nightchill the Gargoyle Fire Elementalist began the quest
                  | for the Orb.
     0 | D:1      | Reached XP level 1. HP: 10/10 MP: 3/3
    73 | D:1      | Found a faded altar of an unknown god.
   109 | D:1      | Slain by a kobold

Illustrated notes

Levels and vault maps discovered:
D:1:      roderic_dead_forest, layout_basic,
          shapermc_ecumenical_altar_mp_highgroup, serial_bayou_ford_a

Action                   || total
-------------------------++-------
Melee: Morningstar       ||    21
       Dagger            ||     4
 Cast: Foxfire           ||     2
Armor: Robe              ||    12
Dodge: Dodged            ||    12
